 Dungeon Crawl Stone Soup version 0.27-a0-1202-ge72e49191c (webtiles) character file.

Game seed: 12634882597963761176

42 Ijustatesigmund the Skirmisher (level 3, 0/29 HPs)
             Began as a Demonspawn Fighter on June 2, 2021.
             Succumbed to an adder's poison
             ... on level 2 of the Dungeon.
             The game lasted 00:01:08 (772 turns).

Ijustatesigmund the Skirmisher (Demonspawn Fighter)  Turns: 772, Time: 00:01:09

Health: 0/29       AC:  6    Str: 16    XL:     3   Next: 35%
Magic:  3/3        EV:  6    Int:  9    God:
Gold:   54         SH:  8    Dex: 13    Spells: 2/2 levels left

rFire    . . .     SeeInvis .   a - +0 war axe
rCold    . . .     Faith    .   c - +0 kite shield
rNeg     . . .     Spirit   .   b - +0 scale mail
rPois    .         Reflect  .   (no helmet)
rElec    .         Harm     .   (no cloak)
rCorr    .         Rampage  .   (no gloves)
Will     .....     Clarity  +   (no boots)
Stlth    ..........             (no amulet)
HPRegen  0.09/turn              (no ring)
MPRegen  0.08/turn              (no ring)

@: mighty, lethally poisoned (0 -> -1)
A: ignite blood 1, clarity
a: no special abilities


You were on level 2 of the Dungeon.
You visited 1 branch of the dungeon, and saw 2 of its levels.

You collected 54 gold pieces.

Inventory:

Hand Weapons
 a - a +0 war axe (weapon)
Armour
 b - a +0 scale mail (worn)
 c - a +0 kite shield (worn)
Scrolls
 e - a scroll of teleportation {unknown}


   Skills:
 + Level 3.5 Fighting
 * Level 3.0 Axes
 - Level 2.6 Armour
 - Level 2.6 Shields


You had 2 spell levels left.
You didn't know any spells.
Your spell library was empty.

Dungeon Overview and Level Annotations

Branches:
Dungeon (2/15)

Altars:


Innate Abilities, Weirdness & Mutations

Your demonic aura sometimes causes spilled blood to erupt in flames.
You possess an exceptional clarity of mind.


Message History

Your thoughts seem clearer.
You feel very sick. You block the adder's attack.
The dart slug launches a dart at you.
The slug dart hits you but does no damage.
You block the adder's attack.
You feel very mighty all of a sudden.
You feel sick. The adder bites you.
You are more poisoned.
The adder poisons you! The endoplasm closely misses you.
You slash the adder!
The adder is almost dead.
You barely miss the endoplasm.
You feel very sick. The adder bites you but does no damage.
You block the endoplasm's attack. The adder bites you but does no damage.
You barely miss the adder.
The adder is almost dead.
You slash the endoplasm!
You kill the endoplasm!
You feel very sick. The adder bites you.
* * * LOW HITPOINT WARNING * * *
The adder bites you.
* * * LOW HITPOINT WARNING * * *
The dart slug launches a dart at you. You block the slug dart.
You slash the adder!
You kill the adder!
* * * LOW HITPOINT WARNING * * *
You feel sick.
Your Axes skill increases to level 3!
You slice the dart slug!!
You kill the dart slug!
* * * LOW HITPOINT WARNING * * *
You feel sick.
* * * LOW HITPOINT WARNING * * *
You feel sick.
You see here a dart slug corpse.
You die...

.
...#!.###
..#.#.....
.#......#
.......#
#......
#....#
#...>###.#
#@†......#
#.........
#<.#.#####
####.# #


There were no monsters in sight!

Vanquished Creatures
  An adder (D:2)
  2 dart slugs
  2 endoplasms
  3 giant cockroaches (D:1)
  2 goblins (D:1)
  4 hobgoblins (D:1)
  3 kobolds (D:1)
  5 ball pythons (D:1)
  3 bats (D:1)
  A frilled lizard (D:1)
  2 rats (D:1)
28 creatures vanquished.

Notes
Turn   | Place    | Note
-------+----------+-------------------------------------------
     0 | D:1      | Ijustatesigmund the Demonspawn Fighter began the quest for
                  | the Orb.
     0 | D:1      | Reached XP level 1. HP: 18/18 MP: 1/1
   213 | D:1      | Gained mutation: Your demonic aura sometimes causes spilled
                  | blood to erupt in flames. [demonic ancestry]
   213 | D:1      | Reached XP level 2. HP: 22/24 MP: 2/2
   407 | D:1      | Reached XP level 3. HP: 14/29 MP: 3/3
   765 | D:2      | Gained mutation: You possess an exceptional clarity of
                  | mind. [potion of mutation]
   771 | D:2      | HP: 1/29 [poisoned by an adder]
   772 | D:2      | Succumbed to an adder's poison

Illustrated notes

Levels and vault maps discovered:
D:1:      lemuel_arrival_lava_pool, layout_rooms, minmay_statues_item,
          st_stairs_6
D:2:      wander_river, layout_basic, minivault_24, minivault_11,
          dk_noncrumbling_4

Skill      XL: |  1  2  3 |
---------------+----------+-----
Axes           | 2 3 |  3.0
Fighting       | |  3.5
Armour         | |  2.6
Shields        | |  2.6

Action                   || total
-------------------------++-------
Melee: War axe           ||    64
  Use: Potion            ||     2
Armor: Scale mail        ||    37
Dodge: Dodged            ||    28
Block: Kite shield       ||    33

Table legend: (Time is in decaauts)
 A = Elapsed time spent in this place.
 B = Non-inter-level travel time spent in this place.
 C = Inter-level travel time spent in this place.
 D = Time resting spent in this place.
 E = Time spent auto-exploring this place.
 F = Levels seen in this place.
 G = Mean time per level.
                   A        B        C        D        E       F      G
               +--------+--------+--------+--------+--------+-----+--------+
         Total |    811 |    787 |     24 |    207 |    419 |   2 |  405.5 |
       Dungeon |    811 |    787 |     24 |    207 |    419 |   2 |  405.5 |
               +--------+--------+--------+--------+--------+-----+--------+

Top non-repeatable levels by time:
     D:1: 796 daAuts
     D:2: 15 daAuts
